 Dungeon Crawl Stone Soup version 0.20.1-1-g8b1a95d (console) character file.

65 hilaritas the Shield-Bearer (level 4, 0/31 HPs)
             Began as a Halfling Fighter on Dec 30, 2017.
             Slain by Crazy Yiuf
             ... wielding a +2 quarterstaff of chaos
              (7 damage)
             ... while paralysed by Crazy Yiuf
             ... on level 2 of the Dungeon.
             The game lasted 00:05:36 (1481 turns).

hilaritas the Shield-Bearer (Halfling Fighter)      Turns: 1481, Time: 00:05:37

Health: 0/31       AC:  8    Str: 18    XL:     4   Next: 34%
Magic:  3/4        EV:  3    Int:  6    God:
Gold:   83         SH:  0    Dex: 13    Spells: 3/3 levels left

rFire    . . .     SeeInvis .   a - +0 rapier
rCold    . . .     Gourm    .   c - +0 shield
rNeg     . . .     Faith    .   b - +0 scale mail
rPois    .         Spirit   .   (no helmet)
rElec    .         Reflect  .   t - +0 cloak
rCorr    .         Harm     .   (no gloves)
MR       .....                  (no boots)
Stlth    ..........             (no amulet)
Regen    0.1/turn               (no ring)
MPRegen  0.1/turn               (no ring)

@: paralysed, lethally poisoned (0 -> -7)
A: mutation resistance 1
a: no special abilities


You were on level 2 of the Dungeon.
You were not hungry.

You visited 1 branch of the dungeon, and saw 2 of its levels.

You collected 83 gold pieces.

Inventory:

Hand Weapons
 a - a +0 rapier (weapon)
Armour
 b - a +0 scale mail (worn)
 c - a +0 shield (worn)
 t - a +0 cloak (worn)
Jewellery
 e - an uncursed ring of fire {unknown}
 r - an uncursed ring of ice {unknown}
 u - an uncursed ring of flight {unknown}
Scrolls
 k - 2 scrolls of magic mapping {unknown}
 l - 2 scrolls of fear {unknown}
 n - 2 scrolls of identify {unknown}
 o - 3 scrolls of enchant armour {unknown}
 p - a scroll of blinking {unknown}
Potions
 d - a potion of might
 h - 5 potions of cancellation {unknown}
 i - 2 potions of magic {unknown}
 j - 2 potions of curing {unknown}
 m - 2 potions of heal wounds {unknown}
 q - a potion of ambrosia {unknown}
 w - 2 potions of degeneration {unknown}
Comestibles
 f - a bread ration
 g - a meat ration
 s - a royal jelly
 v - 2 fruits


   Skills:
 + Level 3.0 Fighting
 * Level 4.0 Short Blades
 - Level 3.2 Armour
 + Level 4.1 Shields


You had 3 spell levels left.
You didn't know any spells.

Dungeon Overview and Level Annotations

Branches:
Dungeon (2/15)

Altars:

Annotations:
D:2 Crazy Yiuf


Innate Abilities, Weirdness & Mutations

You are small and have problems with some larger weapons.
You are somewhat resistant to further mutation.


Message History

Crazy Yiuf is heavily wounded.
Crazy Yiuf hits you but does no damage.
You hit Crazy Yiuf but do no damage.
Crazy Yiuf is heavily wounded.
You block Crazy Yiuf's attack.
Crazy Yiuf hits you with a quarterstaff of chaos.
You suddenly lose the ability to move!
Crazy Yiuf grits, "Cholesterol!"
Crazy Yiuf hits you but does no damage.
You are poisoned.
You feel sick.
Crazy Yiuf yells, "Lugonu!
Action arm canine."
Crazy Yiuf hits you with a quarterstaff of chaos!
Crazy Yiuf draws strength from your wounds!
You feel sick.
Crazy Yiuf hits you with a quarterstaff of chaos!
Crazy Yiuf draws strength from your wounds!
Crazy Yiuf says, "Island snail childish!"
Crazy Yiuf hits you with a quarterstaff of chaos!
You die...

#####
####################...##########
.....................#...........
#################################
#....# ########## ####.#
#........# #### #######.##
#.#####.## #)..### ##........##
#.# #....# #..g@.####.......#...
#.# #.#.## #...##..#.........).#
#.# #.#.## #### ###.#....#..#...
#.# #.#..# ########..##.# ##.#
#.#### #......# ...# #.#
#################..#### #..# #.#
#.#.#.....[....##..####
#..###.####)..............)..#...
.........###........#........#.##
#.............#.###..........#.#
#.###..#.###.##.# ####.#######.#


You could see Crazy Yiuf.

Vanquished Creatures
  2 adders (D:2)
  2 dart slugs
  A giant cockroach (D:2)
  5 hobgoblins
  4 kobolds
  A quokka (D:2)
  A ball python (D:2)
  4 bats (D:2)
  A frilled lizard (D:1)
  6 goblins
  18 rats
45 creatures vanquished.

Notes
Turn   | Place    | Note
-------+----------+-------------------------------------------
     0 | D:1      | hilaritas the Halfling Fighter began the quest for the Orb.
     0 | D:1      | Reached XP level 1. HP: 15/15 MP: 1/1
   133 | D:1      | Reached XP level 2. HP: 20/20 MP: 2/2
   523 | D:1      | Reached XP level 3. HP: 25/25 MP: 3/3
  1029 | D:2      | Reached XP level 4. HP: 31/31 MP: 4/4
  1467 | D:2      | Found a runed door.
  1471 | D:2      | Noticed Crazy Yiuf
  1478 | D:2      | Paralysed by Crazy Yiuf for 6 turns
  1481 | D:2      | Slain by Crazy Yiuf

Skill      XL: |  1  2  3  4 |
---------------+-------------+-----
Short Blades   | 3 4 |  4.0
Fighting       | 3 |  3.0
Shields        | 4 |  4.1
Armour         | |  3.2

Action                   |  1- 3 |  4- 6 || total
-------------------------+-------+-------++-------
Melee: Rapier            |    90 |    52 ||   142
  Eat: Chunk             |       |     2 ||     2
Armor: Scale mail        |    33 |    19 ||    52
Dodge: Dodged            |    24 |    17 ||    41
Block: Shield            |    36 |    24 ||    60
